Map: Abyssal Reef LE

Players

Ire - Winner!

  • Race: Protoss Protoss
  • League: Gold
  • Spawn Location: 11:00

MrMental

  • Race: Protoss Protoss
  • League: Gold
  • Spawn Location: 5:00

VOD

Have the link to the VOD?

Description

Time

  • Played on: Aug. 24, 2017, 2:45 a.m.
  • Length: 1:59
Show
View Real Time Build Order
Export as new Build Order

Ire Protoss - Winner!

Build Orders: Cannon Rush 

Get SALT Encoding   

  12  0:01  Probe (Chrono Boost)  
  13  0:12  Probe (Chrono Boost)  
  14  0:17  Pylon  
  14  0:22  Probe (Chrono Boost)  
  15  0:35  Probe (Chrono Boost)  
  16  0:39  Forge  
  16  0:46  Probe (Chrono Boost)  
  17  0:56  Probe (Chrono Boost)  
  18  1:13  Pylon  
  18  1:33  Photon Cannon  
  18  1:34  Photon Cannon  
  18  1:37  Pylon  
  18  1:40  Pylon  
  18  1:43  Pylon  
  18  1:54  Pylon  
  18  1:56  Photon Cannon  
Show
View Real Time Build Order
Export as new Build Order

MrMental Protoss 

Build Orders: 1 Gate Expand 

Get SALT Encoding   

  12  0:01  Probe (Chrono Boost)  
  13  0:13  Pylon  
  13  0:17  Probe (Chrono Boost)  
  14  0:27  Probe (Chrono Boost)  
  15  0:34  Gateway  
  15  0:39  Probe (Chrono Boost)  
  17  0:50  Probe (Chrono Boost)  
  17  0:52  Assimilator  
  17  1:00  Probe (Chrono Boost)  
  18  1:11  Probe (Chrono Boost)  
  19  1:30  Probe (Chrono Boost)  
  19  1:32  Nexus  
  20  1:43  Cybernetics Core  
Tags
 
Add a new tag
Caveats
  • Supply blocks, unpowered buildings, or Contaminate may cause inaccurate times.
  • Supply counts are checked every 10 seconds.